 Dungeon Crawl Stone Soup version 0.29.1-12-g30fa7ad0bf (webtiles) character file.

Game seed: 14441642095347709655

929 wingedge the Trooper (level 7, -2/61 HPs)
             Began as a Demigod Conjurer on Jan 5, 2023.
             Slain by a seven-headed hydra (14 damage)
             ... on level 6 of the Dungeon.
             The game lasted 00:13:38 (5433 turns).

wingedge the Trooper (Demigod Conjurer)             Turns: 5433, Time: 00:13:38

Health: -2/61      AC:  2    Str: 16    XL:     7   Next: 55%
Magic:  9/13       EV: 12    Int: 20    God:
Gold:   213        SH:  5    Dex: 19    Spells: 7/10 levels left

rFire   . . .      SeeInvis .   k - +8 flail of Dakhoss {vorpal, *Corrode rPois Dex+7 Stlth+}
rCold   . . .      Faith    .   (no shield)
rNeg    . . .      Spirit   .   y - +0 ring mail
rPois   +          Reflect  +   l - +0 helmet
rElec   .          Harm     .   (no cloak)
rCorr   .          Rampage  .   (no gloves)
Will    .....                   (no boots)
Stlth   +++.......              i - amulet of reflection
HPRegen 0.20/turn               (no ring)
MPRegen 0.13/turn               (no ring)

@: corroded
A: high MP 1, forlorn, divine attributes
a: no special abilities


You were on level 6 of the Dungeon.
You visited 1 branch of the dungeon, and saw 6 of its levels.

You collected 213 gold pieces.

Inventory:

Hand Weapons
 k - the +8 flail of Dakhoss (weapon) {vorpal, *Corrode rPois Dex+7 Stlth+}
   (You found it on level 2 of the Dungeon)

   It inflicts extra damage upon your enemies.
   Dex:       It affects your dexterity (+7).
   rPois:     It protects you from poison.
   *Corrode:  It may corrode you when you take damage.
   Stlth:     It makes you more stealthy.
 z - a +4 dire flail of freezing
 A - a +0 arbalest
Armour
 l - a +0 helmet (worn)
 y - a +0 ring mail (worn)
Magical Staves
 h - a staff of earth
Jewellery
 i - an amulet of reflection (around neck)
Wands
 a - a wand of flame (9)
 m - a wand of mindburst (13) (quivered)
Scrolls
 c - 2 scrolls of silence {unknown}
 d - 6 scrolls of identify {unknown}
 e - a scroll of vulnerability {unknown}
 r - a scroll of noise {unknown}
 t - a scroll of teleportation {unknown}
 v - 3 scrolls of enchant weapon {unknown}
 w - a scroll of immolation {unknown}
Potions
 b - a potion of magic
 f - 3 potions of haste
 g - 2 potions of curing {unknown}
 j - a potion of invisibility {unknown}
 n - 3 potions of cancellation {unknown}
 o - 2 potions of heal wounds
 p - a potion of degeneration {unknown}
 q - 2 potions of lignification {unknown}
 s - 3 potions of attraction {unknown}
 u - a potion of ambrosia {unknown}
 x - a potion of flight {unknown}
 B - a potion of resistance {unknown}


   Skills:
 - Level 5.0 Fighting
 - Level 4.0 Maces & Flails
 - Level 2.0 Armour
 + Level 3.7 Dodging
 - Level 2.0 Stealth
 - Level 2.0 Spellcasting
 - Level 4.0 Conjurations
 - Level 1.0 Evocations


You had 7 spell levels left.
You knew the following spells:

 Your Spells              Type           Power      Damage    Failure   Level
a - Magic Dart            Conj           72%        1d6       5%          1
b - Searing Ray           Conj           36%        2d5       9%          2

Your spell library contained the following spells:

 Spells                   Type           Power      Damage    Failure   Level
 Dazzling Flash           Conj/Hex       20%        N/A       36%         3
 Ensorcelled Hibernation  Hex/Ice        4%         N/A       41%         2
 Spider Form              Tmut/Pois      2%         N/A       65%         3
 Tukima's Dance           Hex            2%         N/A       65%         3
 Fulminant Prism          Conj/Hex       5%         3d7       77%         4
 Iskenderun's Mystic Bla  Conj/Tloc      10%        2d4       77%         4
 Anguish                  Hex/Necr       1%         N/A       96%         4
 Passage of Golubria      Tloc           2%         N/A       96%         4
 Yara's Violent Unravell  Hex/Tmut       1%         3d3       100%        5


Dungeon Overview and Level Annotations

Branches:
Dungeon (6/15)             Temple (0/1) D:5

Annotations:
D:3 2 transporters, mandoloar's ghost, amateur DjCj
D:6 Dowan


Innate Abilities, Weirdness & Mutations

You have an increased reservoir of magic. (+10% MP)
You shall have no god before yourself.
Your divine heritage dramatically boosts your attributes as you level up.


Message History

Magic restored.
You start resting.
HP restored.
s - 3 viscous ruby potions (gained 2)
Found 5 boomerangs.
A seven-headed hydra comes into view.
Casting: Searing Ray (safe; 9% risk of failure)
Confirm with . or Enter, or press ? or * to list all spells.
Okay, then.
Casting: Searing Ray (safe; 9% risk of failure)
Confirm with . or Enter, or press ? or * to list all spells.
You can't see any susceptible monsters within range! (Use Z to cast anyway.) Unknown command.
Casting: Searing Ray (safe; 9% risk of failure)
Confirm with . or Enter, or press ? or * to list all spells.
Aiming: Searing Ray (safe; 9% risk of failure)
Press: ? - help, Shift-Dir - straight line, f - seven-headed hydra
Aim: a seven-headed hydra (asleep, 100% to hit)
The searing ray hits the seven-headed hydra!
The seven-headed hydra is lightly wounded.
The seven-headed hydra roars! (Press . to maintain the ray.)
The searing ray hits the seven-headed hydra!
The seven-headed hydra is moderately wounded.
The searing ray hits the seven-headed hydra.
The seven-headed hydra is moderately wounded.
You sock the seven-headed hydra!
The seven-headed hydra is heavily wounded.
The seven-headed hydra bites you! The seven-headed hydra bites you.
Your corrosive artefact corrodes you!
The seven-headed hydra bites you. The seven-headed hydra bites you!
You block the seven-headed hydra's attack.
The seven-headed hydra barely misses you. x2
Okay, then.
You sock the seven-headed hydra!
The seven-headed hydra is severely wounded.
The seven-headed hydra bites you. The seven-headed hydra bites you!
* * * LOW HITPOINT WARNING * * *
The seven-headed hydra bites you!
You die...

.... ... .... ..... # ...
.... #. .. ... ...###.
##.# #......##..#
#........## .#.
#..D@....##...
#..##...##....
##.####........
..###.............(
...................
.....e...##.............
#..........####.#........
.............####........
#..........#.............


You could see a seven-headed hydra.

Vanquished Creatures
  Edmund (D:4)
  A black bear (D:5)
  2 ogres
  Blork the orc (D:5)
  3 wights (D:5)
  A howler monkey (D:5)
  A hound (D:5)
  2 iguanas
  Ijyb (D:3)
  Natasha (thrice) (D:4)
  4 adders
  A shadow imp (D:5)
  2 worms (D:3)
  A dart slug (D:1)
  10 orcs
  7 endoplasms
  3 giant cockroaches
  2 hobgoblins (D:3)
  7 kobolds
  A quokka (D:1)
  5 ball pythons
  4 bats
  A frilled lizard (D:2)
  2 goblins
  2 rats
68 creatures vanquished.

Notes
Turn   | Place    | Note
-------+----------+-------------------------------------------
     0 | D:1      | wingedge the Demigod Conjurer began the quest for the Orb.
     0 | D:1      | Reached XP level 1. HP: 14/14 MP: 5/5
   478 | D:1      | Reached XP level 2. HP: 22/22 MP: 4/7
   819 | D:2      | Learned a level 2 spell: Searing Ray
   836 | D:2      | Identified the +8 flail of Dakhoss {vorpal, *Corrode rPois
                  | Dex+7 Stlth+}
  1212 | D:2      | Reached skill level 1 in Fighting
  1645 | D:3      | Noticed Ijyb
  1657 | D:3      | Killed Ijyb
  1658 | D:3      | Reached skill level 2 in Fighting
  1658 | D:3      | Reached XP level 3. HP: 22/29 MP: 8/8
  1668 | D:3      | Reached skill level 1 in Maces & Flails
  1957 | D:3      | Reached XP level 4. HP: 36/36 MP: 6/9
  2485 | D:3      | Found a transporter.
  2489 | D:3      | Noticed mandoloar's ghost (amateur DjCj)
  2491 | D:3      | Found a transporter.
  2673 | D:4      | Noticed Edmund
  2679 | D:4      | Killed Edmund
  2680 | D:4      | Reached skill level 1 in Evocations
  2680 | D:4      | Reached XP level 5. HP: 38/42 MP: 10/10
  2806 | D:4      | Noticed Natasha
  2812 | D:4      | Killed Natasha
  2813 | D:4      | Reached skill level 3 in Fighting
  3131 | D:4      | Noticed Natasha
  3136 | D:4      | Killed Natasha
  3137 | D:4      | Reached skill level 1 in Armour
  3311 | D:4      | Noticed an ogre
  3315 | D:4      | Killed an ogre
  3316 | D:4      | Reached XP level 6. HP: 51/51 MP: 11/11
  3449 | D:4      | Noticed Natasha
  3461 | D:4      | Killed Natasha
  3899 | D:5      | Entered Level 5 of the Dungeon
  3931 | D:5      | Reached skill level 4 in Fighting
  4077 | D:5      | Noticed Blork the orc
  4080 | D:5      | Killed Blork the orc
  4129 | D:5      | Found a staircase to the Ecumenical Temple.
  4196 | D:5      | Reached XP level 7. HP: 34/59 MP: 9/13
  4677 | D:5      | Reached skill level 5 in Fighting
  5341 | D:6      | Noticed Dowan
  5418 | D:6      | Noticed a seven-headed hydra
  5433 | D:6      | Slain by a seven-headed hydra

Illustrated notes

Levels and vault maps discovered:
D:1:      dpeg_arrival_more_subterranean_lakeside_camping, layout_rooms,
          chequers_serial_rivers_marsh, minmay_misc_feat_hallway,
          hangedman_decor_riveting
D:2:      layout_basic, basic_altar
D:3:      layout_loops_ring, hellmonk_ecumenical_altar_heavens_door,
          gammafunk_ghost_mausoleum, serial_glass, glass_columns_c,
          glass_columns_a, due_unseen_surprise, feat_on_display,
          item_on_display_a, feat_on_display, uniq_ijyb
D:4:      layout_basic, nicolae_overflow_crystal_walls, kennysheep_nondescript,
          chequers_serial_rivers_micro_c, uniq_natasha, uniq_edmund
D:5:      layout_loops_corners, minmay_temple_entry_butterflies,
          uniq_blork_the_orc
D:6:      layout_cave_pools, fountainhead, uniq_duvessa

Skill      XL: |  1  2  3  4  5  6  7 |
---------------+----------------------+-----
Stealth        | 2 |  2.0
Dodging        | 2 3 |  3.7
Spellcasting   | 2 |  2.0
Fighting       | 2 3 4 5 |  5.0
Conjurations   | 4 |  4.0
Maces & Flails | 1 3 4 |  4.0
Evocations     | 1 |  1.0
Armour         | 2 |  2.0

Action                   |  1- 3 |  4- 6 |  7- 9 || total
-------------------------+-------+-------+-------++-------
Melee: Flail             |    31 |    31 |    10 ||    72
       Quarterstaff      |     7 |       |       ||     7
       Punch             |       |     1 |     1 ||     2
       Dire flail        |       |       |    25 ||    25
Throw: Throwing net      |     1 |       |       ||     1
 Cast: Magic Dart        |    26 |     1 |       ||    27
       Searing Ray       |     6 |    11 |     5 ||    22
Evoke: Wand              |       |     6 |       ||     6
 Stab: Sleeping          |     4 |     1 |       ||     5
       Held in net/web   |     1 |       |       ||     1
Armor: Robe              |     9 |       |       ||     9
       Leather armour    |       |     1 |       ||     1
       Ring mail         |       |     7 |     4 ||    11
Dodge: Dodged            |    18 |    22 |    13 ||    53
Block: Other             |       |     6 |     3 ||     9
